 Dungeon Crawl Stone Soup version 0.30-a0-415-g685d318daa (webtiles) character file.

Game seed: 4814680584451523845

425 Emberiza the Magician (level 7, -1/45 HPs)
             Began as a Djinni Fire Elementalist on Dec 7, 2022.
             Slain by a hobgoblin (5 damage)
             ... led by Robin
             ... on level 4 of the Dungeon on Dec 8, 2022.
             The game lasted 00:08:24 (3517 turns).

Emberiza the Magician (Djinni Fire Elementalist)    Turns: 3517, Time: 00:08:25

Health: -1/45      AC:  2    Str: 11    XL:     7   Next: 18%
Gold:   97         EV: 13    Int: 18    God:
                   SH:  0    Dex: 14

rFire   + + .      SeeInvis .    c - +0 dagger
rCold   . . .      Faith    .    (no shield)
rNeg    . . .      Spirit   .    a - +0 robe
rPois   ∞          Reflect  .    (no helmet)
rElec   +          Harm     .    (no cloak)
rCorr   .          Rampage  .    (no gloves)
Will    .....                    (boots unavailable)
Stlth   ++........               (no amulet)
HPRegen 0.27/turn                b - ring "Kirr" {*Slow rElec rPois rC+ Str+4}
MPRegen 0.00/turn                (no ring)

@: flying
A: sickness immunity, fire resistance 2, cold vulnerability 1, float, innate
caster, HP casting, extra vitality 1
a: no special abilities


You were on level 4 of the Dungeon.
You visited 1 branch of the dungeon, and saw 4 of its levels.

You collected 97 gold pieces.

Inventory:

Hand Weapons
 c - a +0 dagger (weapon)
Armour
 a - a +0 robe (worn)
Jewellery
 b - the ring "Kirr" (left hand) {*Slow rElec rPois rC+ Str+4}
   (You acquired it on level 2 of the Dungeon)

   [ring of protection from cold]

   Str:       It affects your strength (+4).
   rC:        It protects you from cold.
   rElec:     It insulates you from electricity.
   rPois:     It protects you from poison.
   *Slow:     It may slow you when you take damage.
Scrolls
 d - 2 scrolls of amnesia
 f - 2 scrolls of teleportation
 g - a scroll of poison {unknown}
 i - a scroll of magic mapping
 k - a scroll of enchant weapon {unknown}
Potions
 e - a potion of resistance {unknown}
 h - a potion of might {unknown}
 j - a potion of haste {unknown}


   Skills:
 + Level 4.6 Dodging
 - Level 1.8 Stealth
 * Level 5.0 Spellcasting


You couldn't memorise any spells.
You knew the following spells:

 Your Spells              Type           Power      Damage    Failure   Level
a - Foxfire               Conj/Fire      88%        2x1d8     1%          1
b - Scorch                Fire           44%        2d7       2%          2
c - Kindle Blastsparks    Fire/Tloc/Air  44%        2d13      4%          3
d - Inner Flame           Hex/Fire       22%        N/A       4%          3
e - Flame Wave            Conj/Fire      22%        2d8       17%         4
f - Sting                 Tmut/Pois      88%        1d7       1%          1
g - Passwall              Tmut/Erth      18%        N/A       2%          2
h - Mephitic Cloud        Conj/Pois/Air  22%        N/A       4%          3
Your spell library was empty.

Dungeon Overview and Level Annotations

Branches:
Dungeon (4/15)
 Temple: D:4-7

Altars:

Annotations:
D:3 2 runed translucent doors
D:4 Robin


Innate Abilities, Weirdness & Mutations

You are immune to sickness and miasma.
You are immune to poison.
Your flesh is very heat resistant. (rF++)
You are vulnerable to cold. (rC-)
You float through the air rather than walking.
You learn spells naturally, not from books.
Your magical power is your life essence.
You have superior vitality. (+4 MHP)


Message History

The goblin hits you with a +0 club.
* * * LOW HITPOINT WARNING * * *
Casting: Scorch (safe; 2% risk of failure)
Confirm with . or Enter, or press ? or * to list all spells.
Flames lash the goblin.
You kill the goblin!
* * * LOW HITPOINT WARNING * * *
Casting: Scorch (safe; 2% risk of failure)
Confirm with . or Enter, or press ? or * to list all spells.
Flames lash the goblin.
You kill the goblin!
* * * LOW HITPOINT WARNING * * *
You hear a shout!
Casting: Scorch (safe; 2% risk of failure)
Confirm with . or Enter, or press ? or * to list all spells.
You conjure some foxfire!
* * * LOW HITPOINT WARNING * * *
The foxfire hits the hobgoblin but does no damage.
The foxfire hits the hobgoblin.
The hobgoblin is almost dead.
Casting: Foxfire (safe; 1% risk of failure)
Confirm with . or Enter, or press ? or * to list all spells.
You don't know that spell.
Sorry, you're not good enough to have a special ability.
Casting: Foxfire (safe; 1% risk of failure)
Confirm with . or Enter, or press ? or * to list all spells.
You conjure some foxfire!
* * * LOW HITPOINT WARNING * * *
The hobgoblin attacks as you move away! The hobgoblin misses you.
The hobgoblin no longer looks unusually strong.
The foxfire hits the hobgoblin.
You kill the hobgoblin!
The foxfire hits the hobgoblin.
The hobgoblin is almost dead.
Casting: Foxfire (safe; 1% risk of failure)
Confirm with . or Enter, or press ? or * to list all spells.
You conjure some foxfire!
* * * LOW HITPOINT WARNING * * *
The hobgoblin attacks as you move away! The hobgoblin hits you.
You die...

##
§§.##+#######
##.......<..#
......(...vv#
...##.)).g@.#
####'#####..
#..))†......
#.>.))......
#...........
#...........
#...........
....########
.§...


You could see a hobgoblin (strong, ally target).

Vanquished Creatures
  Sigmund (D:3)
  An ogre (D:4)
  An orc priest (D:3)
  Jessica (D:3)
  4 adders
  2 worms
  3 dart slugs
  5 orcs (D:3)
  5 endoplasms
  5 giant cockroaches
  10 goblins
  10 hobgoblins
  3 jackals (D:2)
  5 kobolds (D:3)
  4 quokkas
  7 ball pythons
  4 bats
  2 frilled lizards
  2 rats (D:3)
75 creatures vanquished.

Vanquished Creatures (others)
  94 foxfires
94 creatures vanquished.

Grand Total: 169 creatures vanquished

Notes
Turn   | Place    | Note
-------+----------+-------------------------------------------
     0 | D:1      | Emberiza the Djinni Fire Elementalist began the quest for
                  | the Orb.
     0 | D:1      | Emberiza set off with the following spells memorised:
                  | Foxfire, Scorch, Kindle Blastsparks, Inner Flame, Flame
                  | Wave.
     0 | D:1      | Reached XP level 1. HP: 15/15 MP: 0/0
   312 | D:1      | Reached XP level 2. HP: 17/21 MP: 0/0
  1182 | D:2      | Identified a scroll of acquirement
  1182 | D:2      | Acquired the ring "Kirr" {*Slow rElec rPois rC+ Str+4}
  1262 | D:2      | Reached XP level 3. HP: 22/25 MP: 0/0
  1262 | D:2      | Learned a level 1 spell: Sting
  1325 | D:2      | Reached skill level 3 in Spellcasting
  1712 | D:2      | Reached XP level 4. HP: 29/31 MP: 0/0
  2218 | D:3      | Noticed Jessica
  2224 | D:3      | Killed Jessica
  2399 | D:3      | Reached XP level 5. HP: 9/35 MP: 0/0
  2399 | D:3      | Learned a level 2 spell: Passwall
  2631 | D:3      | Noticed Sigmund
  2685 | D:3      | Killed Sigmund
  2686 | D:3      | Reached skill level 4 in Spellcasting
  2686 | D:3      | Reached XP level 6. HP: 36/40 MP: 0/0
  3026 | D:3      | Found a large runed translucent door.
  3027 | D:3      | Found a large runed translucent door.
  3454 | D:4      | Noticed an ogre
  3461 | D:4      | Killed an ogre
  3462 | D:4      | Reached XP level 7. HP: 26/45 MP: 0/0
  3462 | D:4      | Learned a level 3 spell: Mephitic Cloud
  3484 | D:4      | Reached skill level 5 in Spellcasting
  3497 | D:4      | Noticed Robin
  3517 | D:4      | Slain by a hobgoblin

Illustrated notes

Levels and vault maps discovered:
D:1:      dpeg_arrival_boxes_within_box, layout_basic, hangedman_decor_growths,
          minmay_misc_feat_more_columns, nicolae_titane
D:2:      layout_loops_corners, grunt_ministairs_9
D:3:      layout_loops_ring, jmf_multi_god_temple2, portal_sewer_entry_e,
          minivault_19, kennysheep_path_1, uniq_jessica, uniq_sigmund
D:4:      layout_gridville, okawaru_metal_pillars_3,
          mainiacjoe_overflow_catwalk, nzn_hepliaklqana_mist_gate,
          mainiacjoe_overflow_alcove_2, palyth_stone_intersect, uniq_robin,
          uniq_ijyb

Skill      XL: |  1  2  3  4  5  6  7 |
---------------+----------------------+-----
Spellcasting   | 3 4 5 |  5.0
Dodging        | 3 4 |  4.6
Stealth        | |  1.8

Action                   |  1- 3 |  4- 6 |  7- 9 || total
-------------------------+-------+-------+-------++-------
Melee: Dagger            |       |     1 |       ||     1
 Cast: Foxfire           |    51 |     7 |     5 ||    63
       Scorch            |    12 |    52 |     6 ||    70
       Inner Flame       |       |     5 |     4 ||     9
       Kindle Blastspark |       |     4 |       ||     4
  Use: Scroll            |     4 |       |       ||     4
       Potion            |       |     1 |       ||     1
Armor: Robe              |     3 |     6 |     1 ||    10
Dodge: Dodged            |    17 |    21 |     2 ||    40

Table legend: (Time is in decaauts)
 A = Elapsed time spent in this place.
 B = Non-inter-level travel time spent in this place.
 C = Inter-level travel time spent in this place.
 D = Time resting spent in this place.
 E = Time spent auto-exploring this place.
 F = Levels seen in this place.
 G = Mean time per level.
                   A        B        C        D        E       F      G
               +--------+--------+--------+--------+--------+-----+--------+
         Total |   3515 |   3404 |    111 |     11 |   2885 |   4 |  878.8 |
       Dungeon |   3515 |   3404 |    111 |     11 |   2885 |   4 |  878.8 |
               +--------+--------+--------+--------+--------+-----+--------+

Top non-repeatable levels by time:
     D:3: 1353 daAuts
     D:2: 1199 daAuts
     D:1: 895 daAuts
     D:4: 66 daAuts
